 Dungeon Crawl Stone Soup version 0.30-a0-1163-gf69bf04e7a (webtiles) character file.

Game seed: 13713936401877461031

91 graymark the Trooper (level 4, -3/42 HPs)
             Began as a Naga Monk on Apr 28, 2023.
             Slain by a gnoll
             ... wielding a +0 spear
              (7 damage)
             ... on level 2 of the Dungeon.
             The game lasted 00:04:49 (1983 turns).

graymark the Trooper (Naga Monk)                    Turns: 1983, Time: 00:04:50

Health: -3/42      AC:  4    Str: 16    XL:     4   Next: 57%
Magic:  4/4        EV: 10    Int: 10    God:
Gold:   141        SH:  0    Dex: 13    Spells: 3/3 levels left

rFire   . .          .
                       - Unarmed
rCold   . . .        c - orb {light}
rNeg    . . .        s - +0 leather armour
rPois   +            q - +0 helmet
rElec   .            (no cloak)
rCorr   .            (no gloves)
SInv    +            (no barding)
Will    .....        (no amulet)
Stlth   +            (no ring)
HPRegen 0.27/turn    (no ring)
MPRegen 0.09/turn

%: no passive effects
@: confused, ambrosia-drunk, glowing, very slow
A: AC +1, large, see invisible, deformed body, poison resistance, slowness 2,
spit poison 1, naga tail 1
a: Spit Poison


You were on level 2 of the Dungeon.
You visited 1 branch of the dungeon, and saw 3 of its levels.

You collected 141 gold pieces.

Inventory:

Hand Weapons
 g - a +0 dagger of venom
 j - a +0 sling
Missiles
 k - 30 stones
Armour
 a - a +0 robe
 c - an orb of light (worn)
 q - a +0 helmet (worn)
 s - a +0 leather armour (worn)
Scrolls
 d - a scroll of fog
 f - 3 scrolls of amnesia {unknown}
 i - a scroll of immolation {unknown}
 m - a scroll of enchant armour {unknown}
 n - a scroll of noise {unknown}
 o - a scroll of teleportation {unknown}
 r - a scroll of magic mapping {unknown}
Potions
 e - a potion of brilliance {unknown}
 h - 2 potions of curing {unknown}
 l - a potion of haste {unknown}
 p - a potion of flight {unknown}


   Skills:
 + Level 3.5 Fighting
 + Level 1.2 Armour
 + Level 2.9 Dodging
 + Level 2.6 Stealth
 + Level 3.4 Unarmed Combat


You had 3 spell levels left.
You didn't know any spells.
Your spell library contained the following spells:

 Spells                   Type           Power      Damage    Failure   Level
 Stone Arrow              Conj/Erth      0%         3d7       80%         3
 Animate Armour           Summ/Erth      0%         N/A       99%         4
 Lehudib's Crystal Spear  Conj/Erth      0%         10d2      100%        8
 Chain Lightning          Conj/Air       0%         N/A       100%        9
 Fire Storm               Conj/Fire      0%         5d1       100%        9
 Shatter                  Erth           0%         3d5*      100%        9


Dungeon Overview and Level Annotations

Branches:
Dungeon (3/15)

Altars:
Ashenzari
Elyvilon
Xom


Innate Abilities, Weirdness & Mutations

Your serpentine skin is tough. (AC +1)
You have supernaturally acute eyesight. (SInv)
Armour fits poorly on your strangely shaped body.
Your system is resistant to poisons. (rPois)
You cover ground very slowly.
You can spit poison.
You have a snake-like lower body.


Message History

The gnoll hits you with a +0 spear. x2
There is a stone staircase leading up, spattered with blood here.
The gnoll hits you but does no damage. The gnoll hits you with a +0 flail!
The gnoll closely misses you.
You climb upwards.
There is a stone staircase leading down, spattered with blood here.
The gnoll attacks as you move away! The gnoll closely misses you.
The gnoll attacks as you move away! The gnoll hits you with a +0 spear.
The gnoll hits you from afar with a +0 spear.
The gnoll hits you but does no damage. The gnoll attacks as you move away!
The gnoll barely misses you. The gnoll hits you with a +0 flail.
The gnoll attacks as you move away! The gnoll hits you with a +0 flail.
* * * LOW HITPOINT WARNING * * *
The gnoll misses you. x2
The gnoll barely misses you. x2
Aiming: Spit Poison (1% risk of failure)
Press: ? - help, Shift-Dir - straight line, f - gnoll
Aim: a gnoll, wielding a +0 club (haloed, 79% to hit)
The splash of poison hits the gnoll!
The gnoll is severely wounded.
The gnoll hits you with a +0 flail.
* * * LOW HITPOINT WARNING * * *
The gnoll barely misses you.
You are confused.
You feel invigorated. The gnoll hits you with a +0 flail!
* * * LOW HITPOINT WARNING * * *
The gnoll hits you from afar with a +0 spear.
* * * LOW HITPOINT WARNING * * *
You closely miss the gnoll.
The gnoll is severely wounded.
The gnoll barely misses you.
The gnoll hits you from afar with a +0 spear.
* * * LOW HITPOINT WARNING * * *
You hit the gnoll but do no damage.
The gnoll is heavily wounded.
You have got your breath back.
The gnoll barely misses you.
The gnoll hits you from afar with a +0 spear!
You die...

#############
#########......@ggg.#
##.........#########.#
.....####### #.#
##.#.###############g##
#...................>#
#####.##############).#
.# #.# #..## .# #.#
#...# .# #.# ##..#


You could see 3 gnolls.

Vanquished Creatures
  A gnoll (D:2)
  2 adders
  2 orcs (D:3)
  4 endoplasms
  6 giant cockroaches
  4 goblins
  4 hobgoblins
  11 kobolds
  2 quokkas
  6 ball pythons
  7 bats
  3 frilled lizards
  7 rats
59 creatures vanquished.

Notes
Turn   | Place    | Note
-------+----------+-------------------------------------------
     0 | D:1      | graymark the Naga Monk began the quest for the Orb.
     0 | D:1      | Reached XP level 1. HP: 21/21 MP: 1/1
   185 | D:1      | Reached XP level 2. HP: 18/28 MP: 2/2
   188 | D:1      | Reached skill level 1 in Stealth
   496 | D:1      | Reached XP level 3. HP: 28/34 MP: 3/3
  1285 | D:2      | Reached skill level 1 in Armour
  1637 | D:2      | Reached XP level 4. HP: 42/42 MP: 4/4
  1791 | D:3      | Found a broken altar of Ashenzari.
  1825 | D:3      | Found a shimmering altar of Xom.
  1825 | D:3      | Found a white marble altar of Elyvilon.
  1981 | D:2      | HP: 2/42 [gnoll/+0 spear (4)]
  1983 | D:2      | Slain by a gnoll

Illustrated notes

Levels and vault maps discovered:
D:1:      amcnicky_arrival_choice, layout_loops_ring
D:2:      layout_loops_ring
D:3:      layout_basic, cheibrodos_ashenzari_chains, jmf_multi_god_temple,
          minmay_stone_trees_small

Skill      XL: |  1  2  3 |
---------------+----------+-----
Stealth        | 1 2 |  2.6
Armour         | 1 |  1.2
Fighting       | |  3.5
Dodging        | |  2.9
Unarmed Combat | |  3.4

Action                     |  1- 3 |  4- 6 || total
---------------------------+-------+-------++-------
  Melee: Unarmed           |   126 |    35 ||   161
Ability: Spit Poison       |     5 |     2 ||     7
    Use: Scroll            |     1 |       ||     1
         Potion            |       |     1 ||     1
   Stab: Sleeping          |     1 |       ||     1
 Armour: Robe              |    33 |       ||    33
         Leather armour    |       |    13 ||    13
  Dodge: Dodged            |    87 |    27 ||   114

Table legend: (Time is in decaauts)
 A = Elapsed time spent in this place.
 B = Non-inter-level travel time spent in this place.
 C = Inter-level travel time spent in this place.
 D = Time resting spent in this place.
 E = Time spent auto-exploring this place.
 F = Levels seen in this place.
 G = Mean time per level.
                   A        B        C        D        E       F      G
               +--------+--------+--------+--------+--------+-----+--------+
         Total |   2529 |   2395 |    134 |    157 |   1757 |   3 |  843.0 |
       Dungeon |   2529 |   2395 |    134 |    157 |   1757 |   3 |  843.0 |
               +--------+--------+--------+--------+--------+-----+--------+

Top non-repeatable levels by time:
     D:1: 1207 daAuts
     D:2: 1085 daAuts
     D:3: 236 daAuts
